 Dungeon Crawl Stone Soup version 0.28.0 (webtiles) character file.

Game seed: 10731936371996481621

1576 zeram the Shield-Bearer (level 8, -3/67 HPs)
             Began as a Gnoll Fighter on Feb 9, 2022.
             Slain by Duvessa (11 damage)
             ... on level 5 of the Dungeon.
             The game lasted 00:09:33 (4956 turns).

zeram the Shield-Bearer (Gnoll Fighter)             Turns: 4956, Time: 00:09:34

Health: -3/67      AC: 11    Str: 18    XL:     8   Next: 91%
Magic:  13/13      EV: 10    Int:  7    God:
Gold:   225        SH:  7    Dex: 12    Spells: 14/14 levels left

rFire   . . .      SeeInvis .   a - +0 trident (freeze)
rCold   . . .      Faith    .   c - +2 buckler
rNeg    . . .      Spirit   .   b - +0 scale mail
rPois   .          Reflect  .   (no helmet)
rElec   .          Harm     .   o - +1 cloak {Will+}
rCorr   .          Rampage  .   j - +0 pair of gloves
Will    +....                   (no boots)
Stlth   +.........              (no amulet)
HPRegen 0.21/turn               (no ring)
MPRegen 0.13/turn               (no ring)

@: no status effects
A: fangs 1, strong nose, distributed training
a: no special abilities


You were on level 5 of the Dungeon.
You visited 1 branch of the dungeon, and saw 6 of its levels.

You collected 225 gold pieces.

Inventory:

Hand Weapons
 a - a +0 trident of freezing (weapon)
Missiles
 m - a throwing net (quivered)
Armour
 b - a +0 scale mail (worn)
 c - a +2 buckler (worn)
 f - a +2 cloak
 j - a +0 pair of gloves (worn)
 o - a +1 cloak of willpower (worn)
Wands
 l - a wand of iceblast (4)
Potions
 d - a potion of resistance {unknown}
 g - a potion of magic {unknown}
 h - 3 potions of brilliance
 i - 3 potions of curing
 k - a potion of attraction {unknown}
 r - 2 potions of lignification {unknown}


   Skills:
 + Level 7.6 Fighting
 + Level 3.6 Short Blades
 + Level 3.6 Long Blades
 + Level 3.6 Axes
 + Level 3.6 Maces & Flails
 + Level 5.9 Polearms
 + Level 3.6 Staves
 + Level 3.6 Slings
 + Level 3.6 Bows
 + Level 3.6 Crossbows
 + Level 3.6 Throwing
 + Level 7.6 Armour
 + Level 3.6 Dodging
 + Level 3.6 Stealth
 + Level 7.6 Shields
 + Level 3.6 Unarmed Combat
 + Level 3.6 Spellcasting
 + Level 3.0 Conjurations
 + Level 3.0 Hexes
 + Level 3.0 Summonings
 + Level 3.0 Necromancy
 + Level 3.0 Translocations
 + Level 3.0 Transmutations
 + Level 3.0 Fire Magic
 + Level 3.0 Ice Magic
 + Level 3.0 Air Magic
 + Level 3.0 Earth Magic
 + Level 3.0 Poison Magic
 + Level 4.0 Invocations
 + Level 3.6 Evocations


You had 14 spell levels left.
You didn't know any spells.
Your spell library contained the following spells:

 Spells                   Type           Power      Damage    Failure   Level
 Slow                     Hex            20%        N/A       32%         1
 Confusing Touch          Hex            5%         N/A       67%         3
 Dazzling Flash           Conj/Hex       10%        N/A       67%         3
 Vampiric Draining        Necr           5%         2d6       67%         3
 Iskenderun's Mystic Bla  Conj/Tloc      5%         2d3       97%         4
 Starburst                Conj/Fire      2%         6d3       100%        6


Dungeon Overview and Level Annotations

Branches:
Dungeon (6/15)
 Temple: D:4-7

Altars:

Annotations:
D:5 Duvessa


Innate Abilities, Weirdness & Mutations

You have very sharp teeth.
Your uncanny sense of smell can sniff out nearby items.
Your experience applies equally to all skills.


Message History

You aren't carrying any scrolls.
Okay, then.
You aren't carrying any scrolls.
Aiming: Charm
Press: ? - help, Shift-Dir - straight line, f - Duvessa
Aim: Duvessa, wielding a +0 short sword, wearing a +0 chain mail and carrying a wand of digging (1) (lightly wounded, berserk, chance to affect: 40%) Duvessa resists with some effort.
Duvessa hits you with a +0 short sword. x2
Unknown command.
Aiming: Charm
Press: ? - help, Shift-Dir - straight line, f/p - Duvessa
Aim: Duvessa, wielding a +0 short sword, wearing a +0 chain mail and carrying a wand of digging (1) (lightly wounded, berserk, chance to affect: 40%) Duvessa resists with some effort.
You block Duvessa's attack.
Unknown command.
Aiming: Charm
Press: ? - help, Shift-Dir - straight line, f/p - Duvessa
Aim: Duvessa, wielding a +0 short sword, wearing a +0 chain mail and carrying a wand of digging (1) (lightly wounded, berserk, chance to affect: 40%) Duvessa resists with some effort.
The now-empty wand crumbles to dust.
You block Duvessa's attack. Duvessa hits you with a +0 short sword!
* * * LOW HITPOINT WARNING * * *
Okay, then.
You aren't carrying any scrolls.
You feel much better. Duvessa hits you with a +0 short sword!
Duvessa closely misses you. Duvessa hits you with a +0 short sword!
You block Duvessa's attack.
You feel better. Duvessa closely misses you.
Duvessa hits you with a +0 short sword!
There is a stone staircase leading down here.
Duvessa hits you with a +0 short sword!
* * * LOW HITPOINT WARNING * * *
Duvessa misses you.
You aren't carrying any scrolls.
You hit Duvessa. You freeze Duvessa.
Duvessa is moderately wounded.
Duvessa hits you with a +0 short sword!
* * * LOW HITPOINT WARNING * * *
You hit Duvessa but do no damage.
Duvessa is moderately wounded.
Duvessa hits you with a +0 short sword!
You die...

#...# #.###..# #.# #.#.##.
#...# #.# #..#####.#
#...... #...#
##.###........######.#.#
##..(#####.......##.#.....#
#.#.#
........>...##>..##.#.....#
#....
............#..#.##.......#
###.#
............#...[####.....#
#.# .......###.##.##e#
#.....# #.. .#...#.#
#.##.##@# ####### #..
.#...#.# #.......# #.#
.#...#.# #.......# #.#
.#...#.#
#.##.##.############ #.#
.......#
#.##.##............###.#
.....###
#.##......########.....#
##########.#####..##
####### ..# ##...#.#####.##
#.###............#


You could see Duvessa (berserk).

Vanquished Creatures
  The ghost of Davoth the Grasshopper, a novice DrWr of Sif Muna (D:5)
  Prince Ribbit (D:6)
  An ogre (D:5)
  2 necrophages
  A scorpion (D:5)
  Dowan (D:6)
  A howler monkey (D:5)
  A jelly (D:6)
  3 orc priests
  3 hounds
  Crazy Yiuf (D:4)
  A bullfrog skeleton (D:6)
  4 iguanas
  3 orc wizards
  Natasha (thrice) (D:4)
  2 hound skeletons
  A howler monkey zombie (D:5)
  6 adders
  An ufetubus (D:4)
  2 worms
  A dart slug (D:2)
  11 orcs
  11 ball pythons
  7 endoplasms
  5 giant cockroaches
  4 goblins
  3 hobgoblins
  4 quokkas
  5 bats
  4 frilled lizards
  8 kobolds
  A rat (D:3)
103 creatures vanquished.

Notes
Turn   | Place    | Note
-------+----------+-------------------------------------------
     0 | D:1      | zeram the Gnoll Fighter began the quest for the Orb.
     0 | D:1      | Reached XP level 1. HP: 23/23 MP: 1/1
   205 | D:1      | Reached XP level 2. HP: 29/29 MP: 2/2
   882 | D:2      | Reached XP level 3. HP: 30/35 MP: 3/3
  1216 | D:2      | Reached skill level 1 in Invocations
  1347 | D:2      | Reached skill level 1 in Short Blades
  1347 | D:2      | Reached skill level 1 in Long Blades
  1347 | D:2      | Reached skill level 1 in Axes
  1347 | D:2      | Reached skill level 1 in Maces & Flails
  1347 | D:2      | Reached skill level 1 in Staves
  1347 | D:2      | Reached skill level 1 in Slings
  1347 | D:2      | Reached skill level 1 in Bows
  1347 | D:2      | Reached skill level 1 in Crossbows
  1347 | D:2      | Reached skill level 1 in Throwing
  1347 | D:2      | Reached skill level 1 in Dodging
  1347 | D:2      | Reached skill level 1 in Stealth
  1347 | D:2      | Reached skill level 1 in Unarmed Combat
  1347 | D:2      | Reached skill level 1 in Spellcasting
  1347 | D:2      | Reached skill level 1 in Evocations
  1421 | D:2      | Reached XP level 4. HP: 38/41 MP: 5/5
  1800 | D:3      | Found a faded altar of an unknown god.
  2063 | D:3      | Reached skill level 1 in Conjurations
  2063 | D:3      | Reached skill level 1 in Hexes
  2063 | D:3      | Reached skill level 1 in Summonings
  2063 | D:3      | Reached skill level 1 in Necromancy
  2063 | D:3      | Reached skill level 1 in Translocations
  2063 | D:3      | Reached skill level 1 in Transmutations
  2063 | D:3      | Reached skill level 1 in Fire Magic
  2063 | D:3      | Reached skill level 1 in Ice Magic
  2063 | D:3      | Reached skill level 1 in Air Magic
  2063 | D:3      | Reached skill level 1 in Earth Magic
  2063 | D:3      | Reached skill level 1 in Poison Magic
  2125 | D:3      | Reached XP level 5. HP: 47/47 MP: 6/6
  2171 | D:3      | Noticed a necrophage
  2181 | D:3      | Killed a necrophage
  2374 | D:4      | Reached XP level 6. HP: 39/53 MP: 8/8
  2535 | D:4      | Noticed Natasha
  2549 | D:4      | Killed Natasha
  2634 | D:4      | Reached skill level 5 in Polearms
  2668 | D:4      | Found a runed translucent door.
  2669 | D:4      | Noticed Crazy Yiuf
  2860 | D:4      | Noticed Natasha
  2869 | D:4      | Killed Natasha
  2971 | D:4      | Reached XP level 7. HP: 41/59 MP: 10/10
  3058 | D:4      | Noticed Natasha
  3070 | D:4      | Killed Natasha
  3425 | D:4      | Killed Crazy Yiuf
  3479 | D:5      | Entered Level 5 of the Dungeon
  3975 | D:5      | Noticed Davoth's ghost (novice DrWr)
  3979 | D:5      | Found a runed translucent door.
  4045 | D:5      | Killed Davoth's ghost
  4046 | D:5      | Reached XP level 8. HP: 51/67 MP: 12/12
  4577 | D:6      | Noticed Prince Ribbit
  4649 | D:6      | Killed Prince Ribbit
  4873 | D:6      | Noticed Duvessa
  4873 | D:6      | Noticed Dowan
  4878 | D:6      | Killed Dowan
  4956 | D:5      | Slain by Duvessa

Illustrated notes

Levels and vault maps discovered:
D:1:      tarquinn_simple_flora_water_f, layout_basic
D:2:      layout_basic, minivault_24, st_stairs_11
D:3:      layout_rooms, ebering_ecumenical_altar_mist
D:4:      layout_cave_pools, minmay_goblin_kobold_house, uniq_natasha,
          uniq_crazy_yiuf_cottage
D:5:      layout_loops_cross, hellmonk_ghost_happy_afterlife
D:6:      layout_loops_ring, uniq_duvessa, uniq_prince_ribbit1,
          uniq_blork_the_orc, uniq_eustachio

Skill      XL: |  1  2  3  4  5  6  7  8 |
---------------+-------------------------+-----
Invocations    | 1 2 3 4 |  4.0
Short Blades   | 1 2 3 |  3.6
Long Blades    | 1 2 3 |  3.6
Axes           | 1 2 3 |  3.6
Maces & Flails | 1 2 3 |  3.6
Staves         | 1 2 3 |  3.6
Slings         | 1 2 3 |  3.6
Bows           | 1 2 3 |  3.6
Crossbows      | 1 2 3 |  3.6
Throwing       | 1 2 3 |  3.6
Dodging        | 1 2 3 |  3.6
Stealth        | 1 2 3 |  3.6
Unarmed Combat | 1 2 3 |  3.6
Spellcasting   | 1 2 3 |  3.6
Evocations     | 1 2 3 |  3.6
Conjurations   | 1 2 3 |  3.0
Hexes          | 1 2 3 |  3.0
Summonings     | 1 2 3 |  3.0
Necromancy     | 1 2 3 |  3.0
Translocations | 1 2 3 |  3.0
Transmutations | 1 2 3 |  3.0
Fire Magic     | 1 2 3 |  3.0
Ice Magic      | 1 2 3 |  3.0
Air Magic      | 1 2 3 |  3.0
Earth Magic    | 1 2 3 |  3.0
Poison Magic   | 1 2 3 |  3.0
Polearms       | 5 |  5.9
Fighting       | 7 |  7.6
Armour         | 7 |  7.6
Shields        | 7 |  7.6

Action                   |  1- 3 |  4- 6 |  7- 9 || total
-------------------------+-------+-------+-------++-------
Melee: Trident           |   112 |   167 |   186 ||   465
       Bite              |     9 |     9 |    29 ||    47
Evoke: Wand              |       |       |     3 ||     3
  Use: Scroll            |     4 |     8 |     7 ||    19
       Potion            |       |       |     9 ||     9
Armor: Scale mail        |    43 |    79 |    67 ||   189
Dodge: Dodged            |    32 |    46 |    61 ||   139
Block: Buckler           |    21 |    35 |    69 ||   125
